 Dungeon Crawl Stone Soup version 0.21.0-22-g11d5b5247c (webtiles) character file.

112 Rrauwl the Digger (level 4, -1/32 HPs)
             Began as a Gnoll Earth Elementalist on Jan 18, 2018.
             Slain by dengdeng's ghost (8 damage)
             ... on level 3 of the Dungeon.
             The game lasted 00:07:14 (1456 turns).

Rrauwl the Digger (Gnoll Earth Elementalist)        Turns: 1456, Time: 00:07:15

Health: -1/32      AC:  7    Str: 11    XL:     4   Next: 93%
Magic:  9/11       EV: 15    Int: 18    God:
Gold:   83         SH:  0    Dex: 15    Spells: 9/13 levels left

rFire    . . .     SeeInvis .   b - +0 hunting sling
rCold    . . .     Gourm    .   (no shield)
rNeg     . . .     Faith    .   c - +0 robe
rPois    .         Spirit   .   g - +0 helmet
rElec    .         Reflect  .   a - +1 cloak
rCorr    .         Harm     .   (no gloves)
MR       .....                  f - +1 pair of boots
Stlth    +++.......             (no amulet)
HPRegen  0.10/turn              (no ring)
MPRegen  0.12/turn              (no ring)

@: no status effects
A: distributed training, fangs 1, strong nose
a: no special abilities


You were on level 3 of the Dungeon.
You were not hungry.

You visited 1 branch of the dungeon, and saw 3 of its levels.

You collected 83 gold pieces.

Inventory:

Hand Weapons
 b - a +0 hunting sling (weapon)
Missiles
 k - 20 stones (quivered)
Armour
 a - a +1 cloak (worn)
 c - a +0 robe (worn)
 f - a +1 pair of boots (worn)
 g - a +0 helmet (worn)
Scrolls
 j - 2 scrolls of identify
Books
 e - a book of Geomancy

   Spells                             Type                      Level
   a - Sandblast                      Earth                        1
   b - Passwall                       Transmutation/Earth          2
   c - Stone Arrow                    Conjuration/Earth            3
   d - Petrify                        Transmutation/Earth          4
   e - Lee's Rapid Deconstruction     Earth                        5
Comestibles
 d - 5 rations
 i - 7 chunks of flesh


   Skills:
 + Level 1.2 Fighting
 + Level 1.2 Short Blades
 + Level 1.2 Long Blades
 + Level 1.2 Axes
 + Level 1.2 Maces & Flails
 + Level 1.2 Polearms
 + Level 1.2 Staves
 + Level 1.2 Slings
 + Level 1.2 Bows
 + Level 1.2 Crossbows
 + Level 1.2 Throwing
 + Level 1.2 Armour
 + Level 4.7 Dodging
 + Level 4.3 Stealth
 + Level 1.2 Shields
 + Level 1.2 Unarmed Combat
 + Level 5.1 Spellcasting
 + Level 1.0 Conjurations
 + Level 1.0 Hexes
 + Level 1.0 Charms
 + Level 1.0 Summonings
 + Level 1.0 Necromancy
 + Level 1.0 Translocations
 + Level 2.3 Transmutations
 + Level 1.0 Fire Magic
 + Level 1.0 Ice Magic
 + Level 1.0 Air Magic
 + Level 5.5 Earth Magic
 + Level 1.0 Poison Magic
 + Level 1.4 Invocations
 + Level 1.2 Evocations


You had 9 spell levels left.
You knew the following spells:

 Your Spells              Type           Power        Failure   Level  Hunger
a - Sandblast             Erth           ###...       1%          1    None
b - Stone Arrow           Conj/Erth      ###...       10%         3    ##.....


Dungeon Overview and Level Annotations

Branches:
Dungeon (3/15)

Altars:
Gozag

Annotations:
D:3 dengdeng's ghost, amateur TrBe


Innate Abilities, Weirdness & Mutations

Your experience applies equally to all skills.
You have very sharp teeth.
Your uncanny sense of smell can sniff out nearby items.


Message History

k - 21 stones Dengdeng's ghost hits you!
Casting: Sandblast
Confirm with . or Enter, or press ? or * to list all spells.
Aiming: Sandblast
Press: ? - help, Shift-Dir - straight line, f/p - dengdeng's ghost
Aim: dengdeng's ghost (moderately damaged)
The blast of sand misses dengdeng's ghost.
k - 20 stones Dengdeng's ghost hits you!
* * * LOW HITPOINT WARNING * * *
Casting: Sandblast
Confirm with . or Enter, or press ? or * to list all spells.
Okay, then.
You aren't carrying any potions.
Okay, then.
As you read the scroll of fear, it crumbles to dust.
You assume a fearsome visage.
The leopard gecko looks frightened!
Dengdeng's ghost is unaffected.
Dengdeng's ghost hits you!
You die...

∆ #..##....##..###...##.
##..##..#....##...#.#..
#.(..##.....##.........
##....##.†..............
#....(.#.#.#.#.#......<.
#.....(#.#.#.#..........
.......W.(..#......>.....
.#...(.##W####...........
........@.# .##........
...##.....# ##...#...
##.....##....#######.##..
###... ##%..............
...>. #l########..#..
#.... .# ##.... #... .#
###.. #... ### #


You could see dengdeng's ghost and a leopard gecko (fleeing).

Vanquished Creatures
  4 gnolls (D:3)
  2 adders
  A dart slug (D:1)
  A leopard gecko (D:1)
  2 orcs (D:3)
  A giant cockroach (D:1)
  5 goblins
  4 hobgoblins
  9 jackals (D:1)
  A quokka (D:3)
  8 bats
  A frilled lizard (D:2)
  6 kobolds
  3 rats
48 creatures vanquished.

Notes
Turn   | Place    | Note
-------+----------+-------------------------------------------
     0 | D:1      | Rrauwl the Gnoll Earth Elementalist began the quest for the Orb.
     0 | D:1      | Reached XP level 1. HP: 13/13 MP: 6/6
   213 | D:1      | Reached XP level 2. HP: 19/19 MP: 7/7
   451 | D:1      | Reached XP level 3. HP: 22/25 MP: 9/9
   456 | D:1      | Learned a level 3 spell: Stone Arrow
   487 | D:1      | Reached skill level 5 in Spellcasting
   771 | D:2      | Reached skill level 1 in Invocations
   787 | D:2      | Found an opulent altar of Gozag.
  1027 | D:2      | Found a faded altar of an unknown god.
  1164 | D:3      | Reached skill level 1 in Fighting
  1164 | D:3      | Reached skill level 1 in Short Blades
  1164 | D:3      | Reached skill level 1 in Long Blades
  1164 | D:3      | Reached skill level 1 in Axes
  1164 | D:3      | Reached skill level 1 in Maces & Flails
  1164 | D:3      | Reached skill level 1 in Polearms
  1164 | D:3      | Reached skill level 1 in Staves
  1164 | D:3      | Reached skill level 1 in Slings
  1164 | D:3      | Reached skill level 1 in Bows
  1164 | D:3      | Reached skill level 1 in Crossbows
  1164 | D:3      | Reached skill level 1 in Throwing
  1164 | D:3      | Reached skill level 1 in Armour
  1164 | D:3      | Reached skill level 1 in Shields
  1164 | D:3      | Reached skill level 1 in Unarmed Combat
  1164 | D:3      | Reached skill level 1 in Evocations
  1164 | D:3      | Reached XP level 4. HP: 32/32 MP: 11/11
  1203 | D:3      | Reached skill level 1 in Conjurations
  1203 | D:3      | Reached skill level 1 in Hexes
  1203 | D:3      | Reached skill level 1 in Charms
  1203 | D:3      | Reached skill level 1 in Summonings
  1203 | D:3      | Reached skill level 1 in Necromancy
  1203 | D:3      | Reached skill level 1 in Translocations
  1203 | D:3      | Reached skill level 1 in Fire Magic
  1203 | D:3      | Reached skill level 1 in Ice Magic
  1203 | D:3      | Reached skill level 1 in Air Magic
  1203 | D:3      | Reached skill level 1 in Poison Magic
  1326 | D:3      | Noticed dengdeng's ghost (amateur TrBe)
  1456 | D:3      | Slain by dengdeng's ghost

Skill      XL: |  1  2  3  4 |
---------------+-------------+-----
Transmutations | 2 |  2.3
Spellcasting   | 5 |  5.1
Invocations    | 1 |  1.4
Fighting       | 1 |  1.2
Short Blades   | 1 |  1.2
Long Blades    | 1 |  1.2
Axes           | 1 |  1.2
Maces & Flails | 1 |  1.2
Polearms       | 1 |  1.2
Staves         | 1 |  1.2
Slings         | 1 |  1.2
Bows           | 1 |  1.2
Crossbows      | 1 |  1.2
Throwing       | 1 |  1.2
Armour         | 1 |  1.2
Shields        | 1 |  1.2
Unarmed Combat | 1 |  1.2
Evocations     | 1 |  1.2
Conjurations   | 1 |  1.0
Hexes          | 1 |  1.0
Charms         | 1 |  1.0
Summonings     | 1 |  1.0
Necromancy     | 1 |  1.0
Translocations | 1 |  1.0
Fire Magic     | 1 |  1.0
Ice Magic      | 1 |  1.0
Air Magic      | 1 |  1.0
Poison Magic   | 1 |  1.0
Dodging        | |  4.7
Stealth        | |  4.3
Earth Magic    | |  5.5

Action                   |  1- 3 |  4- 6 || total
-------------------------+-------+-------++-------
Melee: Unarmed           |    67 |       ||    67
       Bite              |    11 |       ||    11
 Fire: Hunting sling     |    33 |    49 ||    82
 Cast: Sandblast         |    17 |     6 ||    23
       Stone Arrow       |       |     2 ||     2
  Use: Scroll            |     7 |     2 ||     9
 Stab: Sleeping          |     1 |       ||     1
  Eat: Chunk             |     1 |     1 ||     2
Armor: Robe              |    20 |    10 ||    30
Dodge: Dodged            |    69 |    22 ||    91
